Map: Jagannatha LE

Players

VitaCoCo

  • Race: Protoss Protoss
  • League: Grandmaster

MalaMaku - Winner!

  • Race: Zerg Zerg
  • League: Master

VOD

Have the link to the VOD?

Description

Time

  • Played on: July 28, 2021, 10:56 p.m.
  • Length: 5:45
Show
View Real Time Build Order
Export as new Build Order

VitaCoCo Protoss 

Build Orders: 1 Gate Expand 

Get SALT Encoding   

  12  0:00  Probe  
  13  0:12  Probe  
  14  0:18  Pylon  
  14  0:24  Probe  
  15  0:37  Probe (Chrono Boost)  
  15  0:39  Gateway  
  16  0:43  Assimilator  
  17  0:50  Probe (Chrono Boost)  
  17  0:57  Probe (Chrono Boost)  
  18  1:04  Probe  
  19  1:22  Nexus  
  19  1:24  Probe  
  20  1:35  Cybernetics Core  
  20  1:39  Probe  
  21  1:42  Assimilator  
  21  1:51  Probe  
  21  1:52  Pylon  
  22  2:03  Probe  
  23  2:09  Stalker (Chrono Boost)  
  25  2:15  Probe  
  26  2:27  Probe  
  27  2:40  Pylon  
  25  2:53  Pylon  
  25  3:06  Twilight Council  
  25  3:14  Adept (Chrono Boost)  
  29  3:21  Gateway  
  29  3:27  Gateway  
  27  3:28  Shield Battery  
  27  3:39  Cybernetics Core  
  27  3:45  Pylon  
  29  3:53  Pylon  
  29  3:55  Pylon  
  29  4:01  Pylon  
  29  4:23  Adept (Chrono Boost), Probe  
  32  4:28  Shield Battery  
  32  4:31  Pylon  
  15  5:01  Adept  
  15  5:06  Shield Battery  
  17  5:08  Probe x2  
  17  5:14  Shield Battery  
  19  5:23  Probe  
  19  5:24  Probe  
Show
View Real Time Build Order
Export as new Build Order

MalaMaku Zerg - Winner!

Build Orders: Hatch First 

Get SALT Encoding   

  12  0:00  Drone  
  13  0:08  Drone  
  14  0:34  Hatchery  
  13  0:49  Spawning Pool  
  12  0:53  Drone  
  13  0:57  Drone  
  14  1:05  Overlord  
  14  1:12  Drone, Extractor  
  15  1:31  Drone  
  16  1:36  Queen, Zergling x2  
  16  1:38  Zergling x2  
  20  1:47  Zergling x2  
  20  1:49  Queen  
  20  1:53  Zergling x2  
  24  2:00  Zergling x4  
  26  2:08  Zergling x2  
  26  2:11  Overlord  
  27  2:19  Zergling x2  
  29  2:30  Zergling x4  
  29  2:35  Zergling x2  
  31  2:44  Zergling x4  
  29  2:55  Zergling x2  
  29  2:56  Zergling x6  
  31  2:58  Queen  
  31  3:03  Zergling x6  
  35  3:12  Overlord  
  35  3:21  Zergling x2  
  36  3:30  Overlord  
  36  3:31  Zergling x6  
  37  3:43  Zergling x4  
  38  3:53  Zergling x4  
  37  4:04  Queen x2  
  37  4:08  Zergling x4  
  41  4:14  Zergling x4  
  42  4:21  Zergling x2  
  41  4:25  Zergling x2  
  40  4:37  Zergling x6  
  40  4:38  Zergling x4  
  43  4:54  Zergling x4  
  44  5:05  Zergling x2  
  44  5:06  Zergling x6  
  43  5:16  Zergling x4  
  44  5:26  Zergling x6  
Tags
 
Add a new tag
Caveats
  • Supply blocks, unpowered buildings, or Contaminate may cause inaccurate times.
  • Supply counts are checked every 10 seconds.